 Dungeon Crawl Stone Soup version 0.21-a0-264-g3e31e41 (webtiles) character file.

947 Kidiri the Magician (level 7, -1/38 HPs)
             Began as a Deep Elf Fire Elementalist on Sept 8, 2017.
             Was an Initiate of Vehumet.
             Slain by an orc
             ... wielding a +0 flail
              (4 damage)
             ... on level 5 of the Dungeon.
             The game lasted 00:13:07 (4950 turns).

Kidiri the Magician (Deep Elf Fire Elementalist)    Turns: 4950, Time: 00:13:08

Health: -1/38      AC:  3    Str:  5    XL:     7   Next: 89%
Magic:  11/20      EV: 16    Int: 22    God:    Vehumet [......]
Gold:   182        SH:  0    Dex: 15    Spells: 3/21 levels left

rFire    . . .     SeeInvis .   q - +0 dagger (elec)
rCold    . . .     Gourm    .   (no shield)
rNeg     . . .     Faith    .   a - +0 robe
rPois    +         Spirit   .   n - +0 helmet
rElec    .         Reflect  .   (no cloak)
rCorr    .         Harm     .   (no gloves)
MR       .....                  (no boots)
Stlth    +.........             (no amulet)
HPRegen  0.12/turn              o - +5 ring of slaying
MPRegen  0.17/turn              (no ring)

@: confused
A: repulsion field 1, poison resistance, MP-powered wands
a: Renounce Religion


You were on level 5 of the Dungeon.
You worshipped Vehumet.
Vehumet was noncommittal.
You were not hungry.

You visited 2 branches of the dungeon, and saw 6 of its levels.

You collected 182 gold pieces.

Inventory:

Hand Weapons
 q - a +0 dagger of electrocution (weapon)
Armour
 a - a +0 robe (worn)
 e - a cursed +0 shield
 n - a +0 helmet (worn)
Jewellery
 o - a +5 ring of slaying (left hand)
Wands
 g - a wand of polymorph (11/24)
 p - a wand of flame (23/48)
Scrolls
 h - 2 scrolls of remove curse
 i - a scroll of fog
 k - 2 scrolls of recharging
 l - 2 scrolls of teleportation
Books
 b - a book of Flames

   Spells                             Type                      Level
   a - Flame Tongue                   Conjuration/Fire             1
   b - Throw Flame                    Conjuration/Fire             2
   c - Conjure Flame                  Conjuration/Fire             3
   d - Inner Flame                    Hexes/Fire                   3
   e - Sticky Flame                   Conjuration/Fire             4
   f - Fireball                       Conjuration/Fire             5
Comestibles
 c - 4 bread rations
 d - 4 chunks of flesh
 j - 3 royal jellies
 m - a meat ration


   Skills:
 + Level 1.5 Fighting
 + Level 1.9 Short Blades
 + Level 1.3 Armour
 + Level 3.7 Dodging
 - Level 2.4 Stealth
 + Level 1.3 Shields
 * Level 7.8 Spellcasting
 + Level 3.8 Conjurations
 + Level 5.2 Fire Magic


You had 3 spell levels left.
You knew the following spells:

 Your Spells              Type           Power        Failure   Level  Hunger
a - Flame Tongue          Conj/Fire      ####.        1%          1    None
b - Throw Flame           Conj/Fire      ####..       1%          2    None
c - Conjure Flame         Conj/Fire      ####....     3%          3    None
d - Inner Flame           Hex/Fire       ###.....     8%          3    None
e - Sticky Flame          Conj/Fire      ####....     12%         4    ###....
f - Fireball              Conj/Fire      ####......   32%         5    #####..


Dungeon Overview and Level Annotations

Branches:
Dungeon (5/15)             Temple (1/1) D:4

Altars:
Ashenzari
Cheibriados
Dithmenos
Elyvilon
Fedhas
Gozag
Kikubaaqudgha
Nemelex Xobeh
Qazlal
Vehumet
Wu Jian
Xom
Yredelemnul
Zin


Innate Abilities, Weirdness & Mutations

You are surrounded by a mild repulsion field. (EV +2)
Your system is resistant to poisons. (rPois)
You expend magic power (3 MP) to strengthen your wands.


Message History

You miss the orc wizard.
The orc wizard is almost dead.
The orc wizard points at you and mumbles some strange words.
The magic dart hits you!
* * * LOW HITPOINT WARNING * * *
You aren't carrying any potions.
Unknown command.
The orc wizard hits you with a dagger.
* * * LOW HITPOINT WARNING * * *
Unknown command.
You hit the orc wizard but do no damage.
The orc wizard is almost dead.
The orc wizard barely misses you.
Unknown command.
The orc wizard gestures wildly while chanting.
The orc wizard flickers and vanishes!
Deactivating autopickup; reactivate with Ctrl-A.
Unknown command.
You bump into the rock wall.
The orc hits you with a flail.
You die...

#### ### ####..## ###.#
.......# #...# .......
.....###########..##
oo..<..
....###.......#...#
.......
...##............##
.......
..###...........@##
..o?... ..#
##..........o.# .o..#
..## #..........{.#
##...# ...#
#............####..#
(..####...........)##..##
....# #............)..##
....# ##.............##
....# ##............##
....###..รท.........##


You could see an orc.

Vanquished Creatures
  A water moccasin (D:4)
  Duvessa (D:4)
  A centaur (D:5)
  A bullfrog (D:3)
  Dowan (D:4)
  A howler monkey (D:4)
  3 orc priests
  2 hounds (D:4)
  3 orc wizards
  An iguana (D:4)
  2 worker ants (D:4)
  6 adders
  4 gnolls (D:4)
  A howler monkey skeleton (D:4)
  An ooze (D:2)
  5 worms
  2 dart slugs (D:3)
  2 leopard geckos (D:2)
  14 orcs
  7 bats
  5 giant cockroaches
  7 goblins
  3 hobgoblins (D:3)
  3 jackals (D:3)
  6 kobolds
  2 quokkas
  A ball python (D:3)
  7 frilled lizards
  6 rats
99 creatures vanquished.

Notes
Turn   | Place    | Note
-------+----------+-------------------------------------------
     0 | D:1      | Kidiri the Deep Elf Fire Elementalist began the quest for the Orb.
     0 | D:1      | Reached XP level 1. HP: 10/10 MP: 6/6
   414 | D:1      | Reached XP level 2. HP: 14/15 MP: 4/8
   418 | D:1      | Learned a level 2 spell: Throw Flame
  1210 | D:2      | Reached skill level 4 in Spellcasting
  1279 | D:2      | Reached XP level 3. HP: 10/19 MP: 5/10
  1284 | D:2      | Learned a level 3 spell: Conjure Flame
  1288 | D:2      | Learned a level 3 spell: Inner Flame
  1693 | D:2      | Found a faded altar of an unknown god.
  1903 | D:2      | Found a glowing silver altar of Zin.
  2187 | D:3      | Gained mutation: You are surrounded by a mild repulsion field. (EV +2) [potion of mutation]
  2187 | D:3      | Gained mutation: You expend magic power (3 MP) to strengthen your wands. [potion of mutation]
  2187 | D:3      | Gained mutation: Your system is resistant to poisons. (rPois) [potion of mutation]
  2228 | D:3      | Reached XP level 4. HP: 24/24 MP: 0/12
  2322 | D:3      | Reached skill level 5 in Spellcasting
  2589 | D:3      | Found a glowing drain.
  2699 | D:3      | Found a snail-covered altar of Cheibriados.
  2859 | D:3      | Reached XP level 5. HP: 16/28 MP: 9/15
  2983 | D:3      | Learned a level 4 spell: Sticky Flame
  3001 | D:3      | Reached skill level 6 in Spellcasting
  3524 | D:4      | Reached XP level 6. HP: 11/32 MP: 11/17
  3533 | D:4      | Learned a level 5 spell: Fireball
  3771 | D:4      | Found a radiant altar of Vehumet.
  3797 | D:4      | Became a worshipper of Vehumet
  3894 | D:4      | Noticed a water moccasin
  3904 | D:4      | Killed a water moccasin
  3904 | D:4      | Reached skill level 7 in Spellcasting
  3909 | D:4      | Reached skill level 5 in Fire Magic
  4104 | D:4      | Reached skill level 1 in Short Blades
  4109 | D:4      | Reached XP level 7. HP: 37/37 MP: 10/19
  4115 | D:4      | Reached skill level 1 in Fighting
  4187 | D:4      | Reached skill level 1 in Armour
  4358 | D:4      | Noticed Duvessa
  4358 | D:4      | Noticed Dowan
  4370 | D:4      | Killed Duvessa
  4370 | D:4      | Reached skill level 1 in Shields
  4380 | D:4      | Killed Dowan
  4460 | D:4      | Found a staircase to the Ecumenical Temple.
  4601 | Temple   | Entered the Ecumenical Temple
  4760 | D:5      | Entered Level 5 of the Dungeon
  4950 | D:5      | Slain by an orc

Vault maps used:
D:1:      elethiomel_arrival_maze
D:2:      zin_treasury, chequers_ecumenical_altar_twisty
D:3:      kennysheep_slug_shrine, first_bread, cheibrodos_sewer_entry_drain
D:4:      vehumet_altar_wand_db, minmay_temple_entry_statues_fountains,
          uniq_duvessa
D:5:      bloody_makhleb, grunt_temple_overflow_open
Temple:   jpeg_temple_clearing

Skill      XL: |  1  2  3  4  5  6  7 |
---------------+----------------------+-----
Spellcasting   | 4 5 6 7 |  7.8
Conjurations   | 2 3 |  3.8
Fire Magic     | 4 5 |  5.2
Short Blades   | 1 |  1.9
Dodging        | 3 |  3.7
Fighting       | 1 |  1.5
Armour         | 1 |  1.3
Shields        | 1 |  1.3
Stealth        | |  2.4

Action                   |  1- 3 |  4- 6 |  7- 9 || total
-------------------------+-------+-------+-------++-------
Melee: Dagger            |     9 |    38 |     7 ||    54
 Cast: Flame Tongue      |    49 |    97 |    41 ||   187
       Throw Flame       |     3 |    13 |     3 ||    19
       Sticky Flame      |       |     4 |     4 ||     8
       Conjure Flame     |       |       |     1 ||     1
       Inner Flame       |       |       |     1 ||     1
  Use: Scroll            |     6 |     5 |       ||    11
       Potion            |     1 |     2 |       ||     3
 Stab: Sleeping          |     4 |     2 |     1 ||     7
  Eat: Chunk             |     4 |     6 |     1 ||    11
       Royal jelly       |       |       |     1 ||     1
Armor: Robe              |     6 |     9 |       ||    15
Dodge: Dodged            |    23 |    59 |    18 ||   100

Table legend:
 A = Spawn XP
 B = Non-spawn XP
 C = Spawn XP percentage of total XP
 D = Spawn monster count
 E = Non-spawn monster count
 F = Spawn count percentage of total count
 G = Total turns spent on level
                    A         B        C        D         E        F      G
               +---------+---------+-------+---------+---------+-------+---------
         Total |       0 |    1354 |   0.0 |       0 |      99 |   0.0 |  4950
               +---------+---------+-------+---------+---------+-------+---------
           D:1 |       0 |      16 |   0.0 |       0 |       9 |   0.0 |   841
           D:2 |       0 |      60 |   0.0 |       0 |      17 |   0.0 |  1341
           D:3 |       0 |     237 |   0.0 |       0 |      38 |   0.0 |  1201
           D:4 |       0 |     878 |   0.0 |       0 |      31 |   0.0 |  1284
           D:5 |       0 |     163 |   0.0 |       0 |       4 |   0.0 |   190
               +---------+---------+-------+---------+---------+-------+---------
